 Dungeon Crawl Stone Soup version 0.30-a0-377-g5cb311bc9f (webtiles) character file.

Game seed: 17082010259739536299

26 qeuew the Shield-Bearer (level 3, -1/29 HPs)
             Began as a Formicid Fighter on Nov 29, 2022.
             Was a High Priest of Ignis.
             Succumbed to an adder's poison
             ... on level 2 of the Dungeon.
             The game lasted 00:01:12 (1087 turns).

qeuew the Shield-Bearer (Formicid Fighter)          Turns: 1087, Time: 00:01:13

Health: -1/29      AC:  6    Str: 20    XL:     3   Next: 22%
Magic:  3/3        EV:  9    Int:  7    God:    Ignis [*****.]
Gold:   82         SH:  5    Dex: 15    Spells: 2/2 levels left

rFire   + . .      SeeInvis +    a - +0 war axe
rCold   . . .      Faith    .    c - +0 buckler
rNeg    . . .      Spirit   .    b - +0 scale mail
rPois   .          Reflect  .    (helmet unavailable)
rElec   .          Harm     .    (no cloak)
rCorr   .          Rampage  .    (no gloves)
Will    .....                    (no boots)
Stlth   ..........               (no amulet)
HPRegen 0.24/turn                (no ring)
MPRegen 0.08/turn                (no ring)

@: lethally poisoned (-1 -> -5)
A: permanent stasis, dig shafts and tunnels, antennae 3, four strong arms
a: Dig, Shaft Self, Renounce Religion, Fiery Armour, Foxfire Swarm, Rising Flame


You were on level 2 of the Dungeon.
You worshipped Ignis.
Ignis was extremely pleased with you.
You visited 1 branch of the dungeon, and saw 2 of its levels.

You collected 82 gold pieces.

Inventory:

Hand Weapons
 a - a +0 war axe (weapon)
Armour
 b - a +0 scale mail (worn)
 c - a +0 buckler (worn)
Scrolls
 e - 3 scrolls of identify {unknown}
 f - a scroll of noise {unknown}
 h - a scroll of magic mapping {unknown}
Potions
 d - a potion of might
 g - a potion of heal wounds {unknown}


   Skills:
 + Level 3.5 Fighting
 + Level 2.3 Axes
 + Level 3.5 Armour
 + Level 0.8 Dodging
 + Level 4.3 Shields


You had 2 spell levels left.
You didn't know any spells.
Your spell library was empty.

Dungeon Overview and Level Annotations

Branches:
Dungeon (2/15)

Altars:
Ignis


Innate Abilities, Weirdness & Mutations

You cannot be hasted, slowed, berserked, paralysed or teleported.
You can dig through walls and to a lower floor.
You have a pair of large antennae on your head. (SInv)
Your four strong arms can wield two-handed weapons with a shield.


Message History

The adder poisons you!
You slash the adder!
The adder is almost dead.
You hit the quokka.
You feel sick. The quokka closely misses you. The adder bites you.
You block the adder's attack. You block the quokka's attack.
You closely miss the adder.
The adder is almost dead.
You slash the quokka!
You kill the quokka!
You feel sick. The adder bites you but does no damage.
You miss the adder.
The adder is severely wounded.
You feel sick. The adder bites you.
You are more poisoned.
The adder poisons you! The adder bites you but does no damage.
You are too injured to fight recklessly!
You are too injured to fight recklessly!
You are too injured to fight recklessly!
You are too injured to fight recklessly!
You are too injured to fight recklessly!
You are too injured to fight recklessly!
You are too injured to fight recklessly!
You are too injured to fight recklessly!
You are too injured to fight recklessly!
You are too injured to fight recklessly!
You are too injured to fight recklessly!
You are too injured to fight recklessly!
Unknown command.
You feel sick. The adder bites you but does no damage.
You closely miss the adder.
The adder is severely wounded.
You hit the worm.
You feel sick. The adder completely misses you. The worm bites you!
* * * LOW HITPOINT WARNING * * *
Unknown command.
You miss the adder.
The adder is severely wounded.
You barely miss the worm.
You die...

#.# #.
###.####......# #
#.# #.#.#### #.
#.#.# . #.#.# #.
##.#.####
#.##.......# .##
#.#..#.##.#
.....###S..#.##>#
#..@#.##.##.#
#....w.##.##.#
#........##.##.#
#.....>.........#
##....?...##.####
#.#.....## ..
#.##<..## # #
##.##


You could see a worm and an adder.

Vanquished Creatures
  2 bats (D:1)
  2 endoplasms (D:1)
  A goblin (D:1)
  4 hobgoblins
  5 kobolds (D:1)
  2 quokkas
  2 ball pythons
  4 frilled lizards
  2 rats (D:1)
24 creatures vanquished.

Notes
Turn   | Place    | Note
-------+----------+-------------------------------------------
     0 | D:1      | qeuew the Formicid Fighter began the quest for the Orb.
     0 | D:1      | Reached XP level 1. HP: 18/18 MP: 1/1
   161 | D:1      | Reached XP level 2. HP: 24/24 MP: 2/2
   369 | D:1      | Found a faded altar of an unknown god.
   383 | D:1      | Prayed at the altar of an unknown god.
   383 | D:1      | Became a worshipper of Ignis, the Dying Flame
   403 | D:1      | Reached XP level 3. HP: 29/29 MP: 3/3
  1086 | D:2      | HP: 1/29 [worm (9)]
  1087 | D:2      | Succumbed to an adder's poison

Illustrated notes

Levels and vault maps discovered:
D:1:      nzn_arrival_crosshair, layout_basic,
          shapermc_ecumenical_altar_pompeii, minmay_misc_feat_ornament,
          serial_park_tiny_pond
D:2:      layout_loops_ring, serial_shops, nicolae_shop_crystal,
          grunt_decor_one_mirror, uniq_robin

Action                   || total
-------------------------++-------
Melee: War axe           ||    60
Armor: Scale mail        ||    29
Dodge: Dodged            ||    24
Block: Buckler           ||    13

Table legend: (Time is in decaauts)
 A = Elapsed time spent in this place.
 B = Non-inter-level travel time spent in this place.
 C = Inter-level travel time spent in this place.
 D = Time resting spent in this place.
 E = Time spent auto-exploring this place.
 F = Levels seen in this place.
 G = Mean time per level.
                   A        B        C        D        E       F      G
               +--------+--------+--------+--------+--------+-----+--------+
         Total |   1111 |   1088 |     23 |      0 |    900 |   2 |  555.5 |
       Dungeon |   1111 |   1088 |     23 |      0 |    900 |   2 |  555.5 |
               +--------+--------+--------+--------+--------+-----+--------+

Top non-repeatable levels by time:
     D:1: 960 daAuts
     D:2: 151 daAuts
